 Dungeon Crawl Stone Soup version 0.29-a0-919-gd064cfad1c (webtiles) character file.

Game seed: 8535407264501849405

81 xian the Trooper (level 4, -3/60 HPs)
             Began as a Draconian Berserker on July 27, 2022.
             Was a Follower of Trog.
             Slain by a killer bee zombie (5 damage)
             ... on level 3 of the Dungeon.
             The game lasted 00:04:56 (1888 turns).

xian the Trooper (Draconian Berserker)              Turns: 1888, Time: 00:04:56

Health: -3/60      AC:  5    Str: 22    XL:     4   Next: 19%
Magic:  4/4        EV: 12    Int: 13    God:    Trog [*.....]
Gold:   87         SH:  0    Dex: 10    Spells: 3/3 levels left

rFire   . . .      SeeInvis .   c - +0 short sword (drain)
rCold   . . .      Faith    .   (no shield)
rNeg    . . .      Spirit   .   (body armour unavailable)
rPois   .          Reflect  .   (helmet restricted)
rElec   .          Harm     .   (no cloak)
rCorr   .          Rampage  .   (no gloves)
Will    ++...                   (no boots)
Stlth   ..........              (no amulet)
HPRegen 1.20/turn               b - +6 ring of intelligence
MPRegen 0.09/turn               (no ring)

@: berserking, lethally poisoned (-3 -> -11), strong-willed, regenerating, very
quick
A: AC +5, unfitting armour, cold-blooded
a: Renounce Religion, Berserk


You were on level 3 of the Dungeon.
You worshipped Trog.
Trog was aware of your devotion.
You visited 1 branch of the dungeon, and saw 3 of its levels.

You collected 87 gold pieces.

Inventory:

Hand Weapons
 c - a +0 short sword of draining (weapon)
Missiles
 i - 3 javelins (quivered)
Jewellery
 b - a +6 ring of intelligence (left hand)
Scrolls
 a - 2 scrolls of magic mapping {unknown}
 e - a scroll of blinking {unknown}
 h - a scroll of summoning {unknown}
 k - a scroll of poison {unknown}
Potions
 d - a potion of attraction {unknown}
 f - 3 potions of haste {unknown}
 g - 3 potions of brilliance {unknown}
 j - a potion of magic {unknown}


   Skills:
 + Level 3.9 Fighting
 + Level 1.6 Short Blades
 + Level 3.6 Polearms
 + Level 3.2 Dodging
 + Level 0.5 Stealth


You had 3 spell levels left.
You didn't know any spells.
Your spell library was empty.

Dungeon Overview and Level Annotations

Branches:
Dungeon (3/15)

Altars:

Annotations:
D:3 1 transporter, greasedhog's ghost, amateur GrMo


Innate Abilities, Weirdness & Mutations

Your plain brown scales are hard. (AC +5)
You cannot fit into any form of body armour.
You are cold-blooded and may be slowed by cold attacks.


Message History

The bullfrog skeleton hits you.
Unknown command.
You hit greasedhog's ghost.
Greasedhog's ghost is moderately damaged.
You feel sick. The killer bee zombie hits you. The phantom hits you.
Greasedhog's ghost misses you. The bullfrog skeleton misses you.
The killer bee zombie hits you.
* * * LOW HITPOINT WARNING * * *
Unknown command.
You closely miss greasedhog's ghost.
Your tail-slap misses greasedhog's ghost.
Greasedhog's ghost is moderately damaged.
You feel sick.
The killer bee zombie hits you but does no damage.
The bullfrog skeleton completely misses you.
The phantom barely misses you. Greasedhog's ghost hits you.
* * * LOW HITPOINT WARNING * * *
You are more poisoned.
You hit greasedhog's ghost.
Greasedhog's ghost is moderately damaged.
You feel very sick.
The killer bee zombie closely misses you.
The bullfrog skeleton closely misses you.
Unknown command.
You hit greasedhog's ghost.
Greasedhog's ghost is heavily damaged.
You feel sick. The killer bee zombie hits you.
* * * LOW HITPOINT WARNING * * *
Greasedhog's ghost hits you.
* * * LOW HITPOINT WARNING * * *
You are more poisoned.
The phantom closely misses you.
You are too berserk!
You are too berserk!
You barely miss greasedhog's ghost.
Greasedhog's ghost is heavily damaged.
* * * LOW HITPOINT WARNING * * *
You feel very sick. The killer bee zombie hits you.
You die...

#..#############..##### ##
#..#.....$?....#......###.
#..#...........#..........
#..#..##...##..#.......>..
#..#..#8...8#..#......####
#..#..##...##..#......##..
#..#.....©.....#..........
#..#..##.ZZ##..#.......##.
#..#..#8.@W8#?.#..........
#..#..##.W.##..#..........
#..#...........#.......###
#..#..........©#........ .
#..#############...>..## #
#........©............
#.........)...........
#####.................
#..(..............


You could see a phantom, greasedhog's ghost, a killer bee zombie and a bullfrog
skeleton.

Vanquished Creatures
  2 adders (D:2)
  A worm (D:2)
  2 dart slugs
  An orc (D:3)
  9 bats
  6 endoplasms
  A giant cockroach (D:1)
  A goblin (D:1)
  7 hobgoblins
  6 kobolds
  3 quokkas
  5 ball pythons (D:1)
  3 frilled lizards
  3 rats
50 creatures vanquished.

Notes
Turn   | Place    | Note
-------+----------+-------------------------------------------
     0 | D:1      | xian the Draconian Berserker began the quest for the Orb.
     0 | D:1      | Reached XP level 1. HP: 19/19 MP: 1/1
    49 | D:1      | Found a faded altar of an unknown god.
    66 | D:1      | Reached XP level 2. HP: 17/26 MP: 2/2
   704 | D:1      | Reached XP level 3. HP: 31/31 MP: 3/3
  1025 | D:2      | Reached skill level 1 in Short Blades
  1453 | D:2      | Reached XP level 4. HP: 34/40 MP: 4/4
  1709 | D:3      | Reached ** piety under Trog
  1853 | D:3      | Found a transporter.
  1857 | D:3      | Noticed greasedhog's ghost (amateur GrMo)
  1858 | D:3      | Noticed a phantom
  1862 | D:3      | Found a transporter.
  1888 | D:3      | HP: 2/60 [poisoned by greasedhog's ghost]
  1888 | D:3      | Slain by a killer bee zombie

Illustrated notes

Levels and vault maps discovered:
D:1:      mrwooster_arrival_statue_2, layout_basic,
          ebering_ecumenical_altar_petrified
D:2:      layout_loops_ring
D:3:      layout_rooms, mainiacjoe_overflow_brackets, gammafunk_ghost_mausoleum

Skill      XL: |  1  2  3 |
---------------+----------+-----
Dodging        | 3 |  3.2
Short Blades   | 1 |  1.6
Fighting       | |  3.9
Polearms       | |  3.6
Stealth        | |  0.5

Action                   |  1- 3 |  4- 6 || total
-------------------------+-------+-------++-------
Melee: Short sword       |   116 |    29 ||   145
       Spear             |     4 |       ||     4
       Tailslap          |    15 |     3 ||    18
Invok: Berserk           |       |     2 ||     2
       Trog's Hand       |       |     1 ||     1
  Use: Scroll            |     1 |       ||     1
 Stab: Sleeping          |     1 |     1 ||     2
Armor: Skin              |    56 |    14 ||    70
Dodge: Dodged            |    90 |    26 ||   116

Table legend: (Time is in decaauts)
 A = Elapsed time spent in this place.
 B = Non-inter-level travel time spent in this place.
 C = Inter-level travel time spent in this place.
 D = Time resting spent in this place.
 E = Time spent auto-exploring this place.
 F = Levels seen in this place.
 G = Mean time per level.
                   A        B        C        D        E       F      G
               +--------+--------+--------+--------+--------+-----+--------+
         Total |   1904 |   1851 |     53 |      0 |   1238 |   3 |  634.7 |
       Dungeon |   1904 |   1851 |     53 |      0 |   1238 |   3 |  634.7 |
               +--------+--------+--------+--------+--------+-----+--------+

Top non-repeatable levels by time:
     D:1: 914 daAuts
     D:2: 778 daAuts
     D:3: 212 daAuts
